 Dungeon Crawl Stone Soup version 0.28-a0-297-g99b01970c5 (webtiles) character file.

Game seed: 8895635931119181323

297 sandbernar the Conjurer (level 6, -27/46 HPs)
             Began as a Human Conjurer on Aug 29, 2021.
             Was a Plaything of Xom.
             Annihilated by an ogre (29 damage)
             ... on level 4 of the Dungeon.
             The game lasted 01:43:16 (3481 turns).

sandbernar the Conjurer (Human Conjurer)            Turns: 3481, Time: 01:43:17

Health: -27/46     AC:  2    Str:  5    XL:     6   Next: 62%
Magic:  2/12       EV: 13    Int: 25    God:    Xom [..*...]
Gold:   170        SH:  0    Dex: 18    Spells: 6/12 levels left

rFire   . . .      SeeInvis +   l - +3 dagger
rCold   x . .      Faith    .   (no shield)
rNeg    . . .      Spirit   .   a - +0 robe
rPois   +          Reflect  .   (no helmet)
rElec   .          Harm     .   (no cloak)
rCorr   .          Rampage  .   (no gloves)
Will    .....                   (no boots)
Stlth   ++........              (no amulet)
HPRegen 0.15/turn               d - ring "Keiroroo" {rPois rC- Int+5 Dex+6 SInv}
MPRegen 0.13/turn               (no ring)

@: brilliant
A: talons 1, high mp 1, robust 1, screaming 1, weak 1
a: Renounce Religion


You were on level 4 of the Dungeon.
You worshipped Xom.
You were a toy of Xom.
You visited 1 branch of the dungeon, and saw 4 of its levels.

You collected 170 gold pieces.

Inventory:

Hand Weapons
 b - a +0 dagger
 f - a +0 spear
 g - a +0 short sword
 h - a +0 dagger
 i - a +0 short sword
 k - a +0 whip of venom
 l - a +3 dagger (weapon)
Missiles
 c - 70 stones
Armour
 a - a +0 robe (worn)
 o - a +0 ring mail
Jewellery
 d - the ring "Keiroroo" (left hand) {rPois rC- Int+5 Dex+6 SInv}
   (You acquired it on level 3 of the Dungeon)

   [ring of dexterity]

   Int:       It affects your intelligence (+5).
   Dex:       It affects your dexterity (+6).
   rC:        It makes you vulnerable to cold.
   rPois:     It protects you from poison.
   SInv:      It lets you see invisible.
Scrolls
 e - 2 scrolls of teleportation
 m - a scroll of holy word
 n - a scroll of silence {unknown}
 p - a scroll of fear {unknown}
Potions
 j - a potion of curing {unknown}


   Skills:
 + Level 0.9 Fighting
 * Level 0.7(1.3) Slings
 * Level 1.6(1.7) Throwing
 + Level 2.6 Dodging
 * Level 2.7 Stealth
 * Level 3.5 Spellcasting
 * Level 5.5 Conjurations


You had 6 spell levels left.
You knew the following spells:

 Your Spells              Type           Power      Damage    Failure   Level
a - Magic Dart            Conj           100%       1d8       1%          1
b - Searing Ray           Conj           96%        3d7       1%          2
c - Dazzling Flash        Conj/Hex       54%        N/A       10%         3

Your spell library contained the following spells:

 Spells                   Type           Power      Damage    Failure   Level
 Apportation              Tloc           12%        N/A       10%         1
 Passwall                 Tmut/Erth      5%         N/A       14%         2
 Swiftness                Air            6%         N/A       28%         3
 Fulminant Prism          Conj/Hex       13%        3d9       30%         4
 Iskenderun's Mystic Bla  Conj/Tloc      27%        2d7       30%         4
 Alistair's Intoxication  Tmut/Pois      4%         N/A       95%         5
 Invisibility             Hex            3%         N/A       100%        6


Dungeon Overview and Level Annotations

Branches:
Dungeon (4/15)             Temple (0/1) D:4

Altars:
Xom

Shops:
D:3 :


Innate Abilities, Weirdness & Mutations

You have sharp toenails.
You have an increased reservoir of magic. (+10% MP)
You are robust. (+10% HP)
You occasionally shout uncontrollably at your foes.
You are weak. (Str -2)


Message History

a +0 hand axe; a +0 ring mail
Aiming: Searing Ray (safe; 1% risk of failure)
Press: ? - help, Q - select action, (/) - cycle Shift-Dir - straight line, f - orc
Aim: an orc, wielding a +0 flail (82% to hit)
You feel a surge of power!
The searing ray hits the orc!
You kill the orc!
The searing ray hits the orc.
The orc is severely wounded.
The searing ray misses the orc wizard. (Press . to maintain the ray.)
The orc misses you.
The searing ray hits the orc.
You kill the orc!
The searing ray hits the orc wizard!
The orc wizard is heavily wounded.
The searing ray hits the orc priest!
The orc priest is severely wounded.
The orc barely misses you.
The searing ray hits the orc wizard.
The orc wizard is severely wounded.
The searing ray misses the orc priest.
The searing ray misses the ogre.
The orc barely misses you. The orc wizard closely misses you.
The searing ray hits the orc wizard!
You kill the orc wizard!
The searing ray hits the orc priest!
You kill the orc priest!
The searing ray hits the ogre!
The ogre is moderately wounded.
You finish channelling your searing ray.
A scorpion comes into view.
The orc closely misses you. The orc hits you with a +0 club.
The ogre hits you with a +0 giant spiked club!!
* * * LOW HITPOINT WARNING * * *
The orc hits you with a +0 club.
* * * LOW HITPOINT WARNING * * *
The ogre hits you with a +0 giant spiked club!!
Ouch! That really hurt!
You die...
Xom chortles!

..# .. #.# ###### ∆
..######## #. #.# #....#
.........# #.## #.# #.##.#
.........# ^.# #.####..#.#
#........# #.# #... ##.#.#
#†.......# ##.####.# # #.#.#
#........# #....o..#.# #.#.#
#........# #...###.#.###.#.#
#).......# #..)o@....#...#.#
#........# ###oO#..###.###.#
.........# ##s#..#...# #.#
.........# #.#....#.###.#
.........# #.##.#.......#
.........######.##.#.#######
......o..5O.o....#.#.###
.................#.#...#
..###............#.###.#


You could see an ogre, a scorpion, an orc priest and an orc.

Vanquished Creatures
  A jelly (D:4)
  An orc priest (D:4)
  An orc wizard (D:4)
  Natasha (thrice) (D:3)
  2 adders
  3 gnolls (D:3)
  2 worms
  3 dart slugs
  6 orcs (D:4)
  3 bats (D:3)
  3 endoplasms
  3 giant cockroaches (D:1)
  4 goblins
  6 hobgoblins
  2 jackals (D:1)
  9 kobolds
  4 quokkas
  9 ball pythons
  4 frilled lizards
  8 rats
77 creatures vanquished.

Notes
Turn   | Place    | Note
-------+----------+-------------------------------------------
     0 | D:1      | sandbernar the Human Conjurer began the quest for the Orb.
     0 | D:1      | Reached XP level 1. HP: 13/13 MP: 3/3
   264 | D:1      | Reached XP level 2. HP: 19/19 MP: 1/5
   627 | D:1      | Found a faded altar of an unknown god.
   633 | D:1      | Became a worshipper of Xom the Elder Chaos God
   774 | D:1      | Reached XP level 3. HP: 24/24 MP: 1/6
  1227 | D:2      | XOM: silly message
  1494 | D:2      | Reached XP level 4. HP: 27/30 MP: 2/7
  1587 | D:2      | XOM: potion effect (curing)
  1640 | D:2      | XOM: 3-stop teleportation journey
  2075 | D:3      | XOM: give mutations
  2075 | D:3      | Gained mutation: You occasionally shout uncontrollably at
                  | your foes. [Xom's mischief]
  2075 | D:3      | Gained mutation: You have sharp toenails. [Xom's mischief]
  2075 | D:3      | Gained mutation: You have an increased reservoir of magic.
                  | (+10% MP) [Xom's mischief]
  2088 | D:3      | Noticed Natasha
  2096 | D:3      | Killed Natasha
  2097 | D:3      | Reached skill level 5 in Conjurations
  2109 | D:3      | Identified a scroll of acquirement
  2110 | D:3      | Acquired the ring "Keiroroo" {rPois rC- Int+5 Dex+6 SInv}
  2138 | D:3      | XOM: chaos upgrade
  2140 | D:3      | Reached XP level 5. HP: 29/36 MP: 4/9
  2231 | D:3      | XOM: polymorph gnoll -> dart slug
  2247 | D:3      | XOM: give mutations
  2247 | D:3      | Gained mutation: You have razor-sharp toenails. [Xom's
                  | grace]
  2247 | D:3      | Gained mutation: You are robust. (+10% HP) [Xom's grace]
  2247 | D:3      | Gained mutation: You are partially covered in iridescent
                  | scales. (AC +2) [Xom's grace]
  2402 | D:3      | Reached skill level 1 in Throwing
  2442 | D:3      | Found Ymidd's Book Shoppe.
  2455 | D:3      | Learned a level 2 spell: Searing Ray
  2705 | D:3      | Noticed Natasha
  2718 | D:3      | Killed Natasha
  2839 | D:3      | XOM: give mutation
  2839 | D:3      | Gained mutation: You are agile. (Dex +2) [Xom's grace]
  2857 | D:3      | Noticed Natasha
  2869 | D:3      | Killed Natasha
  2870 | D:3      | Reached XP level 6. HP: 46/46 MP: 5/11
  2914 | D:3      | XOM: give mutations
  2914 | D:3      | Lost mutation: You are partially covered in iridescent
                  | scales. (AC +2) [Xom's mischief]
  2914 | D:3      | Gained mutation: You are weak. (Str -2) [Xom's mischief]
  2914 | D:3      | Lost mutation: You are agile. (Dex +2) [Xom's mischief]
  2914 | D:3      | Lost mutation: You have razor-sharp toenails. [Xom's
                  | mischief]
  2920 | D:3      | Learned a level 3 spell: Dazzling Flash
  3006 | D:4      | Noticed an ogre
  3133 | D:4      | XOM: summons 4 hostile shadow creatures
  3154 | D:4      | Found a staircase to the Ecumenical Temple.
  3187 | D:4      | XOM: summons friendly iron imp
  3201 | D:4      | XOM: divination: detect items
  3378 | D:3      | XOM: divination: detect creatures
  3473 | D:4      | XOM: potion effect (brilliance)
  3480 | D:4      | HP: 2/46 [orc (1)]
  3481 | D:4      | Annihilated by an ogre

Illustrated notes

Levels and vault maps discovered:
D:1:      amcnicky_arrival_single_pillar, layout_loops_ring,
          hellmonk_ecumenical_altar_heavens_door, minmay_hedge_maze
D:2:      layout_loops_ring
D:3:      layout_basic, serial_shops, nicolae_shop_trees, uniq_natasha
D:4:      layout_basic, minmay_temple_entry_grid

Skill      XL: |  1  2  3  4  5 |
---------------+----------------+-----
Conjurations   | 5 |  5.5
Throwing       | 1 |  1.6
Spellcasting   | 3 |  3.5
Fighting       | |  0.9
Slings         | |  0.7
Dodging        | |  2.6
Stealth        | |  2.7

Action                   |  1- 3 |  4- 6 || total
-------------------------+-------+-------++-------
Melee: Dagger            |    50 |     1 ||    51
       Unarmed           |     1 |       ||     1
       Kick              |       |     1 ||     1
Throw: Stone             |    22 |       ||    22
 Cast: Magic Dart        |    67 |    63 ||   130
       Searing Ray       |       |    16 ||    16
       Dazzling Flash    |       |     2 ||     2
  Use: Scroll            |     2 |     4 ||     6
Armor: Robe              |     5 |     5 ||    10
Dodge: Dodged            |    24 |    37 ||    61

Table legend: (Time is in decaauts)
 A = Elapsed time spent in this place.
 B = Non-inter-level travel time spent in this place.
 C = Inter-level travel time spent in this place.
 D = Time resting spent in this place.
 E = Time spent auto-exploring this place.
 F = Levels seen in this place.
 G = Mean time per level.
                   A        B        C        D        E       F      G
               +--------+--------+--------+--------+--------+-----+--------+
         Total |   3482 |   3472 |     10 |    175 |      0 |   4 |  870.5 |
       Dungeon |   3482 |   3472 |     10 |    175 |      0 |   4 |  870.5 |
               +--------+--------+--------+--------+--------+-----+--------+

Top non-repeatable levels by time:
     D:3: 1258 daAuts
     D:1: 1243 daAuts
     D:2: 688 daAuts
     D:4: 292 daAuts
